 Dungeon Crawl Stone Soup version 0.18.1-48-g4cf74bf (webtiles) character file.

933 Inchmeat the Cleaver (level 8, -2/64 HPs)
             Began as a Hill Orc Fighter on Aug 18, 2016.
             Was a Follower of Okawaru.
             Engulfed by a steam dragon's steam (12 damage)
             ... on level 7 of the Dungeon.
             The game lasted 00:27:13 (6201 turns).

Inchmeat the Cleaver (Hill Orc Fighter)             Turns: 6201, Time: 00:27:14

Health: -2/64      AC: 11    Str: 20    XL:     8   Next: 11%
Magic:  7/9        EV: 11    Int:  9    God:    Okawaru [*.....]
Gold:   105        SH: 11    Dex: 10    Spells: 0 memorised, 7 levels left

rFire  . . .     SeeInvis .     a - +0 war axe
rCold  . . .     Gourm    .     b - +0 scale mail
rNeg   . . .     Faith    .     c - +0 shield
rPois  +         Spirit   .     (no helmet)
rElec  .         Dismiss  +     t - +0 cloak
rCorr  .         Reflect  .     (no gloves)
SustAt .         Harm     .     y - +1 pair of boots
MR     .....                    r - amulet of dismissal
Stlth  +.........               (no ring)
                                (no ring)

@: heroism, not resistant to hostile enchantments, very unstealthy
A: poison resistance
a: Heroism, Renounce Religion


You were on level 7 of the Dungeon.
You worshipped Okawaru.
Okawaru was aware of your devotion.
You were hungry.

You visited 2 branches of the dungeon, and saw 8 of its levels.

You collected 319 gold pieces.
You spent 214 gold pieces at shops.

Inventory:

Hand Weapons
 a - a +0 war axe (weapon)
 g - a +1 hand axe of chopping
 i - a +1 hunting sling of flaming
Missiles
 k - a tomahawk
 A - 6 javelins (quivered)
Armour
 b - a +0 scale mail (worn)
 c - a +0 shield (worn)
 t - a +0 cloak (worn)
 y - a +1 pair of boots (worn)
Jewellery
 r - an amulet of dismissal (around neck)
 C - an uncursed amulet of magic regeneration
Wands
 B - a wand of teleportation (0/9)
Scrolls
 e - 5 scrolls of identify
 h - a scroll of immolation
 j - 4 scrolls of remove curse
 s - 2 scrolls of teleportation
 x - a scroll of fog
Potions
 l - a potion of haste
 n - 2 potions of mutation
 v - 3 potions of magic
 z - 2 potions of cure mutation
Comestibles
 d - a slice of pizza
 f - 3 bread rations
 o - a beef jerky
 p - 2 meat rations
 q - 5 fruits


   Skills:
 - Level 3.6(8.6) Fighting
 + Level 10.6(15.6) Axes
 + Level 0.1(5.1) Throwing
 - Level 3.2(8.2) Armour
 - Level 2.6(7.6) Dodging
 - Level 0.6(5.6) Stealth
 - Level 3.2(8.2) Shields
 * Level 1.5 Evocations


You had 7 spell levels left.
You didn't know any spells.

Dungeon Overview and Level Annotations

Branches:
Dungeon (7/15)             Temple (1/1) D:4

Altars:
Ashenzari
Dithmenos
Elyvilon
Fedhas
Gozag
Makhleb
Nemelex Xobeh
Okawaru
Pakellas
Qazlal
Ru
Trog
Vehumet
Xom
Yredelemnul
Zin
The Shining One

Shops:
D:5 ?

Annotations:
D:3 Faltner's ghost, amateur MiWn


Innate Abilities, Weirdness & Mutations

Your system is resistant to poisons.


Message History

You are engulfed in a cloud of scalding steam.
The steam dragon bites you.
The steam dragon claws you but does no damage.
You hit the steam dragon.
The steam dragon is severely wounded.
The steam dragon breathes steam at you. The ball of steam hits you!
* * * LOW HITPOINT WARNING * * *
You hit the steam dragon.
The steam dragon is severely wounded.
You are engulfed in a cloud of scalding steam.
* * * LOW HITPOINT WARNING * * *
The steam dragon barely misses you.
The steam dragon claws you but does no damage.
Drink which item? (? for menu, Esc to quit)
Okay, then.
You gain the combat prowess of a mighty hero.
You feel slightly more hungry.
You are engulfed in a cloud of scalding steam.
You die...

.........###.#.#####.#
.........#.........#.#
.........#.#...###.#.#
##...^...#.#.......#.#
#.#....##.#........<# #
#.......+......)#.#
##....#.#.......#.#
%###.#######.##.#....#.#
.....[D@..[..##.#....#.#
####.########## #....#.#
.....#.# ###.#.#.#
..#.#.# #.# #.# #.#


You could see a steam dragon.

Vanquished Creatures
  A sky beast (D:6)
  An orc warrior (D:6)
  A giant frog (D:5)
  2 scorpions (D:5)
  A crimson imp (D:6)
  A hound (D:5)
  3 orc wizards
  A giant frog skeleton (D:5)
  3 orc priests
  A gnoll shaman (D:6)
  2 iguanas
  2 worker ants
  6 gnolls (D:6)
  2 adders
  A river rat (D:6)
  2 shadow imps (D:6)
  An adder skeleton (D:4)
  3 worms
  4 dart slugs (D:1)
  3 giant geckos
  15 orcs
  5 ball pythons
  8 bats
  11 giant cockroaches
  4 goblins
  3 hobgoblins
  6 jackals
  5 quokkas
  5 giant newts
  A jackal skeleton (D:4)
  8 kobolds
  10 rats
122 creatures vanquished.

Vanquished Creatures (others)
  An ogre (D:6)
  2 giant frogs (D:6)
  A hound (D:6)
  An orc priest (D:6)
  2 orc wizards (D:6)
  A gnoll (D:6)
  3 orcs (D:6)
  A giant newt (D:6)
12 creatures vanquished.

Grand Total: 134 creatures vanquished

Notes
Turn   | Place    | Note
--------------------------------------------------------------
     0 | D:1      | Inchmeat the Hill Orc Fighter began the quest for the Orb.
     0 | D:1      | Reached XP level 1. HP: 19/19 MP: 1/1
   176 | D:1      | Reached skill level 3 in Axes
   260 | D:1      | Reached XP level 2. HP: 18/26 MP: 2/2
   275 | D:1      | Reached skill level 1 in Dodging
   434 | D:1      | Reached XP level 3. HP: 24/31 MP: 3/3
   998 | D:2      | Found a glowing golden altar of the Shining One.
  1430 | D:2      | Reached skill level 4 in Axes
  2081 | D:3      | Reached XP level 4. HP: 36/39 MP: 4/4
  2530 | D:3      | Found a blossoming altar of Fedhas.
  2561 | D:3      | Noticed Faltner's ghost (amateur MiWn)
  2709 | D:4      | Found a staircase to the Ecumenical Temple.
  2715 | Temple   | Entered the Ecumenical Temple
  2843 | Temple   | Became a worshipper of Warmaster Okawaru
  2988 | D:4      | Reached XP level 5. HP: 45/45 MP: 5/5
  3310 | D:5      | Entered Level 5 of the Dungeon
  3349 | D:5      | Reached skill level 5 in Axes
  3361 | D:5      | Reached skill level 6 in Axes
  3379 | D:5      | Found Huiqiq's Magic Scroll Shop.
  3407 | D:5      | Reached XP level 6. HP: 24/51 MP: 6/6
  3604 | D:5      | Bought a scroll of identify for 26 gold pieces
  3604 | D:5      | Bought a scroll of identify for 26 gold pieces
  3604 | D:5      | Bought a scroll of remove curse for 39 gold pieces
  3604 | D:5      | Bought a scroll of identify for 26 gold pieces
  3604 | D:5      | Bought a scroll of blinking for 97 gold pieces
  3612 | D:5      | Gained mutation: Your system is resistant to poisons. [potion of beneficial mutation]
  3706 | D:5      | Reached skill level 7 in Axes
  3738 | D:5      | HP: 2/51 [ogre/giant club (9)]
  4332 | D:5      | Reached * piety under Okawaru
  4332 | D:5      | Reached skill level 8 in Axes
  4332 | D:5      | Reached XP level 7. HP: 53/57 MP: 7/7
  4539 | D:6      | Found a sparkling altar of Nemelex Xobeh.
  4597 | D:6      | Reached skill level 9 in Axes
  4734 | D:6      | Found a white marble altar of Elyvilon.
  4998 | D:6      | Found a bloodstained altar of Trog.
  5333 | D:6      | Found a shimmering altar of Xom.
  5561 | D:6      | Reached skill level 10 in Axes
  5672 | D:6      | Reached skill level 1 in Evocations
  5672 | D:6      | Reached XP level 8. HP: 37/64 MP: 8/8
  6201 | D:7      | Engulfed by a steam dragon's steam

Skill      XL: |  1  2  3  4  5  6  7 |
---------------+----------------------+-----
Axes           | 3 4 6 8 10 | 10.6
Dodging        | 1 2 |  2.6
Evocations     | 1 |  1.5
Fighting       | |  3.6
Throwing       | |  0.1
Armour         | |  3.2
Stealth        | |  0.6
Shields        | |  3.2

Action                   |  1- 3 |  4- 6 |  7- 9 || total
-------------------------+-------+-------+-------++-------
Melee: War axe           |   173 |   162 |   102 ||   437
       Hand axe          |       |       |   110 ||   110
Throw: Javelin           |       |       |     4 ||     4
Invok: Heroism           |       |       |     1 ||     1
Evoke: Wand              |       |       |     2 ||     2
  Use: Scroll            |       |     8 |     7 ||    15
       Potion            |       |     3 |     7 ||    10
  Eat: Chunk             |     1 |     3 |     1 ||     5
       Meat ration       |     1 |       |     1 ||     2
       Fruit             |     1 |       |       ||     1
       Beef jerky        |       |     1 |       ||     1
Armor: Scale mail        |    97 |    58 |    86 ||   241
Dodge: Dodged            |    62 |    41 |    70 ||   173
Block: Shield            |   101 |    83 |   103 ||   287
